 Dungeon Crawl Stone Soup version 0.29.1-1-gd02db6906a (webtiles) character file.

Game seed: 7302173753482489170

8 H0rd4k the Charlatan (level 2, 0/21 HPs)
             Began as a Human Artificer on Oct 13, 2022.
             Slain by a jackal (1 damage)
             ... on level 2 of the Dungeon.
             The game lasted 00:00:36 (440 turns).

H0rd4k the Charlatan (Human Artificer)               Turns: 440, Time: 00:00:37

Health: 0/21       AC:  3    Str: 12    XL:     2   Next: 15%
Magic:  2/2        EV: 11    Int: 11    God:
Gold:   3          SH:  0    Dex: 13    Spells: 1/1 levels left

rFire   . . .      SeeInvis +   a - +0 club
rCold   . . .      Faith    .   (no shield)
rNeg    + . .      Spirit   .   b - +0 leather armour
rPois   .          Reflect  .   (no helmet)
rElec   .          Harm     .   (no cloak)
rCorr   .          Rampage  .   (no gloves)
Will    .....                   (no boots)
Stlth   +.........              (no amulet)
HPRegen 0.07/turn               g - ring of positive energy
MPRegen 0.08/turn               f - ring of see invisible

@: no status effects
A: no striking features
a: no special abilities


You were on level 2 of the Dungeon.
You visited 1 branch of the dungeon, and saw 2 of its levels.

You collected 3 gold pieces.

Inventory:

Hand Weapons
 a - a +0 club (weapon)
Armour
 b - a +0 leather armour (worn)
Jewellery
 f - a ring of see invisible (right hand)
 g - a ring of positive energy (left hand)
Wands
 c - a wand of flame (15) (quivered)
 d - a wand of charming (15)
 e - a wand of iceblast (5)
Scrolls
 i - a scroll of teleportation {unknown}
Potions
 h - a potion of lignification {unknown}


   Skills:
 + Level 1.3 Fighting
 + Level 0.4 Maces & Flails
 - Level 2.0 Armour
 + Level 1.6 Dodging
 - Level 1.0 Stealth
 - Level 3.0 Evocations


You had one spell level left.
You didn't know any spells.
Your spell library was empty.

Dungeon Overview and Level Annotations

Branches:
Dungeon (2/15)

Altars:


Message History

You barely miss the jackal. The jackal closely misses you.
You hit the jackal but do no damage.
The jackal bites you but does no damage.
The jackal closely misses you.
You closely miss the jackal. The jackal bites you. The jackal misses you.
You closely miss the jackal. The jackal bites you. x2
You hit the jackal.
The jackal is moderately wounded.
The jackal bites you but does no damage.
The jackal bites you.
You barely miss the jackal.
The jackal is moderately wounded.
The jackal barely misses you. The jackal bites you.
You barely miss the jackal.
The jackal is moderately wounded.
The jackal barely misses you.
You hit the jackal.
You kill the jackal!
The jackal bites you.
You hit the jackal but do no damage.
The jackal bites you but does no damage. x2
You barely miss the jackal. The jackal barely misses you. The jackal bites you.
You hit the jackal but do no damage. The jackal closely misses you.
The jackal barely misses you.
You closely miss the jackal. The jackal closely misses you.
You hit the jackal but do no damage. The jackal misses you.
The jackal bites you.
You barely miss the jackal. The jackal misses you. The jackal bites you.
* * * LOW HITPOINT WARNING * * *
You hit the jackal.
The jackal is moderately wounded.
The jackal bites you.
* * * LOW HITPOINT WARNING * * *
The jackal barely misses you.
You hit the jackal.
The jackal is severely wounded.
The jackal bites you.
* * * LOW HITPOINT WARNING * * *
The jackal bites you.
You die...

### .# .. #. #.
. #.####.###
#....#.#<#
#.?....#.#
#....!..#.###.#
#.......#.###.#
........#hh@..#
#..h....#######
#..###+## #h.
..


You could see 2 jackals.

Vanquished Creatures
  A bat (D:1)
  2 giant cockroaches (D:1)
  2 jackals
  A kobold (D:1)
  A rat (D:2)
7 creatures vanquished.

Notes
Turn   | Place    | Note
-------+----------+-------------------------------------------
     0 | D:1      | H0rd4k the Human Artificer began the quest for the Orb.
     0 | D:1      | Reached XP level 1. HP: 15/15 MP: 1/1
   211 | D:1      | Reached XP level 2. HP: 8/21 MP: 2/2
   440 | D:2      | HP: 1/21 [jackal (2)]
   440 | D:2      | Slain by a jackal

Illustrated notes

Levels and vault maps discovered:
D:1:      dpeg_arrival_three_bigger_balls, layout_basic,
          shapermc_ecumenical_altar_venn
D:2:      layout_basic, nrook_campfire

Action                   || total
-------------------------++-------
Melee: Club              ||    49
       Punch             ||     1
Armor: Leather armour    ||    21
Dodge: Dodged            ||    47
